 Dungeon Crawl Stone Soup version 0.30-a0-122-g2a1322497e (webtiles) character file.

Game seed: 14228169016826345636

1021 purpskrrrp the Trooper (level 8, 0/62 HPs)
             Began as a Demonspawn Fighter on Sept 15, 2022.
             Slain by Erica
             ... wielding a +2 scimitar of flaming
              (2 damage)
             ... on level 8 of the Dungeon.
             The game lasted 00:09:42 (5164 turns).

purpskrrrp the Trooper (Demonspawn Fighter)         Turns: 5164, Time: 00:09:47

Health: 0/62       AC: 10    Str: 19    XL:     8   Next: 2%
Magic:  0/8        EV: 13    Int: 10    God:
Gold:   250        SH:  7    Dex: 12    Spells: 7/7 levels left

rFire   . . .      SeeInvis .    a - +2 war axe
rCold   + . .      Faith    .    c - +2 buckler
rNeg    . . .      Spirit   +    b - +0 scale mail
rPois   .          Reflect  .    h - +0 helmet
rElec   .          Harm     .    o - +0 cloak
rCorr   .          Rampage  .    (no gloves)
Will    .....                    d - +0 pair of boots
Stlth   ..........               (no amulet)
HPRegen 0.20/turn                (no ring)
MPRegen 0.22/turn                (no ring)

@: no status effects
A: repulsion field 2, ignite blood 1, magic shield, magic regeneration, demonic
touch 1, cold resistance 1, devolution 1
a: no special abilities


You were on level 8 of the Dungeon.
You visited 1 branch of the dungeon, and saw 6 of its levels.

You collected 250 gold pieces.

Inventory:

Hand Weapons
 a - a +2 war axe (weapon)
Armour
 b - a +0 scale mail (worn)
 c - a +2 buckler (worn)
 d - a +0 pair of boots (worn)
 h - a +0 helmet (worn)
 o - a +0 cloak (worn)
Jewellery
 i - a ring of wizardry
 j - a ring of fire
Wands
 u - a wand of flame (24)
Scrolls
 e - 2 scrolls of teleportation
 p - 2 scrolls of butterflies
 q - a scroll of amnesia {unknown}
 r - a scroll of magic mapping
 s - a scroll of immolation {unknown}
 t - a scroll of enchant weapon
 v - a scroll of brand weapon {unknown}
 w - a scroll of identify
Potions
 f - a potion of invisibility {unknown}
 g - a potion of degeneration
 k - a potion of brilliance
 l - a potion of berserk rage
 m - a potion of curing
 n - a potion of heal wounds


   Skills:
 + Level 5.2 Fighting
 + Level 4.2 Axes
 + Level 4.9 Armour
 + Level 2.4 Dodging
 - Level 3.8 Shields
 + Level 2.4 Unarmed Combat


You had 7 spell levels left.
You didn't know any spells.
Your spell library contained the following spells:

 Spells                   Type           Power      Damage    Failure   Level
 Blink                    Tloc           0%         N/A       91%         2
 Sublimation of Blood     Necr           0%         N/A       91%         2
 Wereblood                Tmut           0%         N/A       91%         2
 Lesser Beckoning         Tloc           0%         N/A       99%         3
 Manifold Assault         Tloc           0%         N/A       100%        4
 Summon Hydra             Summ           0%         N/A       100%        7


Dungeon Overview and Level Annotations

Branches:
Dungeon (5/15)             Temple (0/1) D:5

Altars:
Ashenzari
Ru
Uskayaw
Vehumet

Annotations:
D:8 Erica


Innate Abilities, Weirdness & Mutations

You are surrounded by a moderate repulsion field. (EV +3)
Your demonic aura sometimes causes spilled blood to erupt in flames.
When hurt, damage is shared between your health and your magic reserves.
You regenerate magic rapidly.
Your touch may inflict minor irresistible damage on your foes.
Your flesh is cold resistant. (rC+)
You have hidden genetic defects.


Message History

Erica casts a spell.
Erica flickers and vanishes!
Deactivating autopickup; reactivate with Ctrl-A.
There is a strange disturbance nearby!
No target in view!
No target in view!
No target in view!
No target in view!
No target in view!
No target in view!
No target in view!
No target in view!
No target in view!
No target in view!
You hear a zap.
A bolt of light appears from out of thin air!
The bolt of light hits you!!
You barely miss something. Something hits you. Something burns you.
You slash something! Something hits you. Something burns you.
You barely miss something. Something hits you but does no damage.
You hear a zap.
A bolt of light appears from out of thin air!
The bolt of light hits you!!
You completely miss something. You block something's attack.
You miss something. Something hits you.
* * * LOW HITPOINT WARNING * * *
Something burns you.
* * * LOW HITPOINT WARNING * * *
You closely miss something. Something hits you!
* * * LOW HITPOINT WARNING * * *
Something burns you.
* * * LOW HITPOINT WARNING * * *
You closely miss something. Something hits you.
* * * LOW HITPOINT WARNING * * *
Something burns you.
* * * LOW HITPOINT WARNING * * *
Something hits you.
* * * LOW HITPOINT WARNING * * *
Something burns you.
You die...

#.# #.# #.# #.#
#.# #####.# #
#####...#.###.#
###
......#.#..@{.#
#..
#####...#.###.#
###.# ##.#.##
.# #...#
.######.#.# #
#....
........#.##
#.... ##....#
#..._ #.###...#
#.... #.# #.##
##.## #.# .#
#...


There were no monsters in sight!

Vanquished Creatures
  A water moccasin (D:8)
  A black bear (D:4)
  A bullfrog (D:8)
  3 scorpions (D:4)
  A howler monkey (D:5)
  An orc priest (D:5)
  2 hounds
  A jelly (D:4)
  Jessica (D:2)
  An iguana (D:5)
  Natasha (thrice) (D:2)
  3 orc wizards
  8 adders
  An ufetubus (D:3)
  7 worms
  5 dart slugs
  17 orcs
  8 ball pythons
  5 bats
  8 endoplasms
  9 giant cockroaches
  8 goblins
  8 hobgoblins
  5 quokkas
  11 kobolds
  10 rats
129 creatures vanquished.

Notes
Turn   | Place    | Note
-------+----------+-------------------------------------------
     0 | D:1      | purpskrrrp the Demonspawn Fighter began the quest for the
                  | Orb.
     0 | D:1      | Reached XP level 1. HP: 18/18 MP: 1/1
    80 | D:1      | Gained mutation: You are surrounded by a mild repulsion
                  | field. (EV +2) [demonic ancestry]
    80 | D:1      | Reached XP level 2. HP: 20/24 MP: 2/2
   856 | D:1      | Reached XP level 3. HP: 29/29 MP: 3/3
  1523 | D:2      | Gained mutation: You regenerate magic rapidly. [demonic
                  | ancestry]
  1523 | D:2      | Reached XP level 4. HP: 25/35 MP: 4/4
  1649 | D:2      | Noticed Jessica
  1649 | D:2      | Noticed Natasha
  1657 | D:2      | Killed Natasha
  1660 | D:2      | Killed Jessica
  1667 | D:2      | Noticed Natasha
  1672 | D:2      | Killed Natasha
  1673 | D:2      | Gained mutation: When hurt, damage is shared between your
                  | health and your magic reserves. [demonic ancestry]
  1673 | D:2      | Reached XP level 5. HP: 22/42 MP: 5/5
  1952 | D:2      | Noticed Natasha
  1958 | D:2      | Killed Natasha
  2080 | D:3      | Noticed a golden eye
  2090 | D:3      | Found a faded altar of an unknown god.
  2095 | D:3      | Noticed a great orb of eyes
  2095 | D:3      | Noticed a floating eye
  2095 | D:3      | Noticed a great orb of eyes
  2106 | D:3      | Reached skill level 4 in Fighting
  2243 | D:3      | Identified the +9 whip "Pitzul" {venom, Str+3}
  2710 | D:4      | Gained mutation: Your touch may inflict minor irresistible
                  | damage on your foes. [demonic ancestry]
  2710 | D:4      | Reached XP level 6. HP: 47/48 MP: 6/6
  2996 | D:4      | Reached skill level 1 in Dodging
  2996 | D:4      | Reached skill level 1 in Unarmed Combat
  3330 | D:4      | Gained mutation: Your demonic aura sometimes causes spilled
                  | blood to erupt in flames. [demonic ancestry]
  3330 | D:4      | Reached XP level 7. HP: 55/55 MP: 7/7
  4196 | D:5      | Entered Level 5 of the Dungeon
  4333 | D:5      | Found a sacrificial altar of Ru.
  4686 | D:5      | Found a broken altar of Ashenzari.
  4695 | D:5      | Found a hide-covered altar of Uskayaw.
  4751 | D:5      | Reached skill level 5 in Fighting
  4802 | D:5      | Found a staircase to the Ecumenical Temple.
  4828 | D:5      | You fall into a shaft and drop 3 floors!
  4862 | D:8      | Gained mutation: You have hidden genetic defects. [potion
                  | of mutation]
  4862 | D:8      | Gained mutation: Your flesh is cold resistant. (rC+)
                  | [potion of mutation]
  4862 | D:8      | Gained mutation: You are robust. (+10% HP) [potion of
                  | mutation]
  4886 | D:8      | Found a radiant altar of Vehumet.
  5004 | D:8      | Lost mutation: You are robust. (+10% HP) [hidden defects]
  5012 | D:8      | Gained mutation: You are surrounded by a moderate repulsion
                  | field. (EV +3) [demonic ancestry]
  5012 | D:8      | Reached XP level 8. HP: 45/62 MP: 6/8
  5155 | D:8      | Noticed Erica
  5164 | D:8      | HP: 2/62 [something (3)]
  5164 | D:8      | Slain by Erica

Illustrated notes

Levels and vault maps discovered:
D:1:      minmay_arrival_stone_box, layout_basic, minmay_bisected
D:2:      layout_basic, uniq_jessica, uniq_natasha
D:3:      layout_basic, hellmonk_ecumenical_altar_watching_god
D:4:      minmay_general_purpose_star, layout_loops_corners,
          portal_sewer_entry_f
D:5:      layout_layer_cave, mainiacjoe_overflow_24_doors,
          mainiacjoe_overflow_catwalk_spiral, minmay_temple_entry_junction_2,
          nrook_mini_backslash
D:8:      gammafunk_boulding_lane, layout_loops_ring,
          mainiacjoe_overflow_chevrons, uniq_erica

Skill      XL: |  1  2  3  4  5  6  7 |
---------------+----------------------+-----
Axes           | 2 3 4 |  4.2
Armour         | 3 4 |  4.9
Shields        | 3 |  3.8
Fighting       | 4 5 |  5.2
Dodging        | 1 2 |  2.4
Unarmed Combat | 1 2 |  2.4

Action                   |  1- 3 |  4- 6 |  7- 9 || total
-------------------------+-------+-------+-------++-------
Melee: War axe           |   106 |   125 |   115 ||   346
  Use: Scroll            |     4 |     8 |     5 ||    17
       Potion            |     1 |     3 |     1 ||     5
Armor: Scale mail        |    50 |    50 |    53 ||   153
       Skin              |       |    25 |     2 ||    27
Dodge: Dodged            |    58 |    63 |    69 ||   190
Block: Buckler           |    18 |    39 |    45 ||   102

Table legend: (Time is in decaauts)
 A = Elapsed time spent in this place.
 B = Non-inter-level travel time spent in this place.
 C = Inter-level travel time spent in this place.
 D = Time resting spent in this place.
 E = Time spent auto-exploring this place.
 F = Levels seen in this place.
 G = Mean time per level.
                   A        B        C        D        E       F      G
               +--------+--------+--------+--------+--------+-----+--------+
         Total |   5314 |   5190 |    124 |    154 |   4090 |   6 |  885.7 |
       Dungeon |   5314 |   5190 |    124 |    154 |   4090 |   6 |  885.7 |
               +--------+--------+--------+--------+--------+-----+--------+

Top non-repeatable levels by time:
     D:4: 1558 daAuts
     D:2: 1169 daAuts
     D:1: 958 daAuts
     D:5: 646 daAuts
     D:3: 637 daAuts
     D:8: 344 daAuts
